AoeStats
← Capcoconut

Fortress

509837283Analyzed
3v3 RM · 5d ago on Sep 28, 2026· 60m 22s· 6 players
Game mode
Random Map
Map size
Large (8 player)
Population
200
Speed
Normal
Resources
Standard
Victory
Conquest
Starting age
Dark Age
Ending age
Imperial Age
RankedLock teamsTeams togetherTeam positionsShared explorationLock speedFull tech treeHidden civsTurbo modeCheats
Victory
Defeat
🇻🇳 Britons · Vietnam
836
+17
🇨🇳 Saxons · China
823
+17
🇮🇩 Hindustanis · Indonesia
803
+18
🇹🇼 Chinese · Taiwan
869
-18
🇺🇸 Chinese · United States
863
-18
🇺🇸 Chinese · United States
816
-16
ntu1994.tn
4:36 Loom
7:30 Feudal Age
8:08 Double-Bit Axe
8:04 Horse Collar
14:50 Castle Age
17:42 Bow Saw
18:17 Heavy Plow
18:24 Fletching
21:24 Wheelbarrow
22:48 Bodkin Arrow
22:54 Padded Archer Armor
28:19 Imperial Age
26:49 Leather Archer Armor
26:49 Gold Mining
27:39 Yeomen
28:00 Hand Cart
29:58 Conscription
30:42 Bracer
33:49 Chemistry
33:10 Elite Longbowman
34:43 Warwolf
35:30 Gold Shaft Mining
36:20 Ring Archer Armor
38:37 Ballistics
Miyu.
7:39 Feudal Age
6:24 Loom
8:03 Horse Collar
8:11 Double-Bit Axe
15:45 Castle Age
14:27 Gold Mining
14:31 Stone Mining
18:44 Bow Saw
21:40 Forging
24:50 Scale Mail Armor
27:33 Wheelbarrow
27:39 Heavy Plow
28:34 Grand Trunk Road
31:08 Iron Casting
30:52 Chain Mail Armor
31:20 Fletching
32:13 Husbandry
33:08 Ballistics
36:50 Imperial Age
35:56 Hand Cart
36:38 Gold Shaft Mining
36:42 Stone Shaft Mining
37:07 Elite Ghulam
39:17 Blast Furnace
38:10 Town Watch
38:47 Conscription
38:45 Caravan
39:25 Coinage
41:45 Murder Holes
44:57 Bodkin Arrow
49:24 Banking
50:51 Two-Man Saw
53:56 Chemistry
53:02 Siege Engineers
53:57 Scale Barding Armor
53:53 Bracer
53:54 Padded Archer Armor
GTX-5090
0:36 Loom
8:58 Feudal Age
9:24 Horse Collar
9:30 Double-Bit Axe
9:37 Gold Mining
10:25 Wheelbarrow
9:36 Loom
9:37 Town Watch
14:01 Castle Age
17:30 Gold Shaft Mining
17:04 Stone Mining
17:23 Heavy Plow
17:35 Bow Saw
20:01 Sanctity
20:43 Hand Cart
22:33 Ballistics
23:16 Caravan
25:29 Fletching
25:23 Treadmill Crane
25:40 Murder Holes
25:57 Masonry
26:28 Squires
26:16 Gambesons
26:17 Arson
26:50 Devotion
26:46 Herbal Medicine
28:19 Bodkin Arrow
28:22 Guard Tower
29:07 Town Patrol
33:02 Imperial Age
31:52 Scale Mail Armor
32:03 Forging
31:54 Padded Archer Armor
32:06 Pikeman
32:07 Man-at-Arms
34:23 Chain Mail Armor
34:44 Iron Casting
34:24 Fortified Wall
35:09 Architecture
34:28 Elite Varangian Guard
35:54 Conscription
34:54 Elite Hearth Troop
35:24 Long Swordsman
36:09 Bracer
36:39 Plate Mail Armor
36:27 Leather Archer Armor
36:19 Shield Wall
37:38 Hoardings
38:20 Scale Barding Armor
38:24 Siege Engineers
39:20 Chemistry
37:54 Two-Handed Swordsman
39:58 Two-Man Saw
39:11 Champion
41:08 Sappers
45:10 Keep
44:21 Arrowslits
44:53 Guilds
56:14 Halberdier
56:25 Clerical Recruitment
58:05 Spies/Treason
Capcoconut
8:29 Feudal Age
10:53 Double-Bit Axe
12:49 Loom
14:17 Wheelbarrow
16:39 Gold Mining
18:34 Horse Collar
20:59 Castle Age
19:32 Bloodlines
22:05 Hand Cart
24:04 Squires
23:53 Arson
23:30 Pikeman
23:32 Man-at-Arms
24:13 Stone Mining
25:02 Long Swordsman
27:29 Husbandry
26:51 Light Cavalry
29:31 Fletching
29:52 Forging
29:51 Scale Barding Armor
29:47 Scale Mail Armor
30:34 Great Wall
30:54 Thumb Ring
30:11 Elite Skirmisher
30:13 Crossbowman
32:05 Bow Saw
33:58 Bodkin Arrow
34:03 Padded Archer Armor
34:39 Iron Casting
34:20 Chain Mail Armor
34:26 Chain Barding Armor
38:28 Imperial Age
39:18 Leather Archer Armor
39:12 Elite Chu Ko Nu
40:30 Arbalester
40:57 Cavalier
41:48 Elite Fire Lancer
41:51 Halberdier
41:52 Two-Handed Swordsman
43:10 Conscription
43:11 Bracer
45:31 Ring Archer Armor
46:03 Blast Furnace
45:47 Fortified Wall
Cdaa Axsk
1:29 Loom
7:51 Feudal Age
8:26 Double-Bit Axe
8:23 Horse Collar
14:06 Castle Age
13:12 Stone Mining
15:12 Bow Saw
15:05 Heavy Plow
16:16 Fletching
20:05 Bodkin Arrow
21:30 Padded Archer Armor
21:30 Gold Mining
22:16 Masonry
23:39 Fortified Wall
24:55 Guard Tower
26:06 Wheelbarrow
27:00 Leather Archer Armor
26:37 Town Watch
28:01 Gold Shaft Mining
31:25 Imperial Age
30:45 Ballistics
31:17 Hand Cart
33:06 Stone Shaft Mining
32:36 Town Patrol
33:25 Bracer
33:56 Ring Archer Armor
35:36 Chemistry
35:17 Architecture
35:24 Keep
34:35 Arrowslits
35:44 Scale Mail Armor
37:21 Elite Chu Ko Nu
38:08 Great Wall
39:13 Chain Mail Armor
Teblu
1:34 Loom
8:20 Feudal Age
8:48 Double-Bit Axe
8:47 Horse Collar
9:46 Wheelbarrow
14:05 Castle Age
12:50 Fletching
13:01 Padded Archer Armor
14:45 Bodkin Arrow
15:06 Leather Archer Armor
15:42 Leather Archer Armor
16:07 Ballistics
18:18 Bow Saw
18:31 Heavy Plow
28:41 Imperial Age
29:06 Elite Chu Ko Nu
30:07 Bracer
32:46 Conscription
34:11 Ring Archer Armor
42:14 Chemistry
48:03 Bloodlines
47:14 Cavalier
47:55 Husbandry
Connection lost

Rejoining the realm…

Still unreachable

The connection could not be restored.

Session expired

The server has moved on; the page needs a fresh start.